 Dungeon Crawl Stone Soup version 0.19.1-1-g22dce08 (webtiles) character file.

6408 sveltemanboy the Destroyer (level 10, -5/53 HPs)
             Began as a Tengu Conjurer on Jan 7, 2017.
             Was a Follower of Ashenzari.
             Slain by an orc warrior
             ... wielding a +0 dire flail
              (18 damage)
             ... on level 9 of the Dungeon.
             The game lasted 00:39:58 (12729 turns).

sveltemanboy the Destroyer (Tengu Conjurer)        Turns: 12729, Time: 00:39:59

Health: -5/53      AC:  5    Str:  8 (9)  XL:     10   Next: 98%
Magic:  7/15       EV: 17    Int: 15 (18) God:    Ashenzari [*.....]
Gold:   490        SH:  0    Dex: 13 (15) Spells: 4 memorised, 3 levels left

rFire  . . .     SeeInvis .     E - +1 halberd (curse)
rCold  + . .     Gourm    .     F - +0 robe (curse)
rNeg   . . .     Faith    .     (shield currently unavailable)
rPois  .         Spirit   .     (helmet restricted)
rElec  .         Reflect  .     u - +1 cloak (curse)
rCorr  .         Harm     .     t - +0 pair of gloves (curse)
MR     .....                    (boots unavailable)
Stlth  ++........               (no amulet)
                                x - ring of protection from cold
                                d - +3 ring of evasion (curse)

@: no status effects
A: beak, talons 3, able to fly 1
a: Fly, Curse Item, Scrying, Renounce Religion


You were on level 9 of the Dungeon.
You worshipped Ashenzari.
Ashenzari was aware of your devotion.
You were not hungry.

You visited 2 branches of the dungeon, and saw 10 of its levels.
You also visited: Ossuary.

You collected 490 gold pieces.

Inventory:

Hand Weapons
 o - a +0 glaive
 E - a cursed +1 halberd (weapon)
Armour
 t - a cursed +0 pair of gloves (worn)
 u - a cursed +1 cloak (worn)
 F - a cursed +0 robe (worn)
Jewellery
 d - a cursed +3 ring of evasion (left hand)
 k - an uncursed ring of see invisible
 x - a ring of protection from cold (right hand)
Wands
 m - a wand of iceblast (11/15)
 J - a wand of digging (5/24)
Scrolls
 i - 6 scrolls of identify
 q - a scroll of magic mapping
 r - 4 scrolls of enchant armour
 s - 2 scrolls of random uselessness
 v - a scroll of enchant weapon
 y - 2 scrolls of immolation {unknown}
 z - 3 scrolls of recharging {unknown}
 A - a scroll of fog {unknown}
 B - a scroll of fear {unknown}
 H - 2 scrolls of amnesia {unknown}
 I - 2 scrolls of blinking {unknown}
 O - 2 scrolls of remove curse
Potions
 h - 3 potions of brilliance
 l - 4 potions of curing
 w - a potion of cure mutation
 C - a potion of cancellation {unknown}
 D - 2 potions of mutation {unknown}
 K - 2 potions of haste {unknown}
 L - a potion of might {unknown}
 M - a potion of flight
 N - a potion of resistance
Books
 b - a book of Conjurations

   Spells                             Type                      Level
   a - Magic Dart                     Conjuration                  1
   b - Searing Ray                    Conjuration                  2
   c - Dazzling Spray                 Conjuration/Hexes            3
   d - Fulminant Prism                Conjuration/Hexes            4
   e - Iskenderun's Mystic Blast      Conjuration                  4
   f - Iskenderun's Battlesphere      Conjuration/Charms           5
Comestibles
 c - 8 bread rations
 g - 5 meat rations


   Skills:
 - Level 2.1 Fighting
 * Level 11.0 Polearms
 + Level 2.1 Armour
 - Level 5.0 Dodging
 - Level 2.0 Stealth
 - Level 3.1 Spellcasting
 * Level 14.0 Conjurations
 - Level 3.0 Charms


You had 3 spell levels left.
You knew the following spells:

 Your Spells              Type           Power        Failure   Level  Hunger
a - Magic Dart            Conj           ####         1%          1    #......
b - Searing Ray           Conj           #####.       1%          2    ##.....
c - Iskenderun's Mystic   Conj           #####...     1%          4    #####..
d - Iskenderun's Battles  Conj/Chrm      ####....     21%         5    ######.


Dungeon Overview and Level Annotations

Branches:
Dungeon (9/15)             Temple (1/1) D:4            Lair (0/6) D:9
    Orc: D:9-12

Altars:
Ashenzari
Cheibriados
Dithmenos
Elyvilon
Fedhas
Gozag
Hepliaklqana
Kikubaaqudgha
Makhleb
Nemelex Xobeh
Okawaru
Qazlal
Ru
Sif Muna
Trog
Uskayaw
Vehumet
Xom
Yredelemnul
Zin
The Shining One

Shops:
D:4 !   D:6 =

Annotations:
D:5 Dowan


Innate Abilities, Weirdness & Mutations

You have a beak for a mouth.
You have claws for feet.
You can fly.


Message History

You hear a loud clanging noise!
It was a scroll of noise.
You hear a shout!
The orc warrior hits you with a dire flail!
Okay, then.
As you read the scroll labeled BACKEW QUPNUO, it crumbles to dust.
You feel aware of your surroundings.
It was a scroll of magic mapping.
The orc warrior hits you with a dire flail!
As you read the scroll labeled TIUD HUBLIKIM, it crumbles to dust.
It is a scroll of enchant armour.
Your cursed +0 cloak glows green for a moment.
The orc warrior hits you with a dire flail.
* * * LOW HITPOINT WARNING * * *
As you read the scroll labeled SUTISA HUNIEB, it crumbles to dust.
You smell wet wool.
It was a scroll of random uselessness.
As you read the scroll labeled ZAIDIPA TIOFREJ, it crumbles to dust.
It is a scroll of enchant weapon.
Your cursed +0 halberd glows red for a moment.
The orc warrior hits you with a dire flail!!
You die...

#...%†.....,,',,*#..............
#...O......,,****#..............
##'########*** ##'############
#.(###### #...o[..# ##<.)o÷.#
#######'###### ######'#######
#........... #............#
#..o........ #............####
#...........
#..........o.@oo###..........[
#>o..........##...'...........
###################...........
############


You could see 2 orc warriors and an orc.

Vanquished Creatures
  3 hippogriffs
  A spriggan (D:7)
  Sigmund (D:5)
  A wyvern (D:9)
  3 yaks
  A hungry ghost (D:7)
  Duvessa (D:5)
  3 orc warriors
  5 ice beasts
  A hornet zombie (D:7)
  4 phantoms
  5 sky beasts
  8 ogres
  A necrophage (D:6)
  2 centaurs
  The ghost of Paps the Skirmisher, an amateur DsFi (D:3)
  2 elf zombies (Ossuary)
  A bullfrog (D:8)
  A wyvern skeleton (D:9)
  A scorpion (D:8)
  A water moccasin skeleton (D:8)
  3 killer bees (D:8)
  3 wights (D:7)
  A howler monkey (D:4)
  A bullfrog zombie (D:7)
  5 crimson imps
  A quasit (D:8)
  4 centaur zombies
  2 jellies
  5 orc priests
  6 hounds
  An orc wizard (D:5)
  A bullfrog skeleton (D:5)
  An iguana (D:9)
  7 worker ants
  3 big kobold zombies (Ossuary)
  2 hound skeletons
  3 mummies
  A worker ant zombie (D:7)
  15 adders
  5 shadow imps
  An ooze (D:6)
  3 adder skeletons
  2 adder zombies
  3 worms
  8 leopard geckos
  38 orcs
  8 bats
  5 giant cockroaches
  6 goblins
  8 hobgoblins
  10 jackals
  13 kobolds
  4 quokkas
  3 ball pythons (D:3)
  A ball python skeleton (D:4)
  5 frilled lizards
  2 gnoll zombies (D:6)
  A goblin zombie (Ossuary)
  10 hobgoblin zombies (Ossuary)
  A jackal zombie (D:6)
  9 kobold zombies (Ossuary)
  2 leopard gecko skeletons
  8 orc zombies (Ossuary)
  7 rats
275 creatures vanquished.

Vanquished Creatures (others)
  A worker ant (D:5)
  An adder (D:5)
  A worm (D:5)
  2 orcs (D:8)
  A jackal (D:5)
  A quokka (D:9)
  7 fungi (D:9)
  4 plants (D:9)
18 creatures vanquished.

Grand Total: 293 creatures vanquished

Notes
Turn   | Place    | Note
-------+----------+-------------------------------------------
     0 | D:1      | sveltemanboy the Tengu Conjurer began the quest for the Orb.
     0 | D:1      | Reached XP level 1. HP: 10/10 MP: 4/4
   173 | D:1      | Reached XP level 2. HP: 15/15 MP: 4/6
   196 | D:1      | Learned a level 2 spell: Searing Ray
   738 | D:1      | Reached skill level 6 in Conjurations
   816 | D:1      | Reached XP level 3. HP: 19/19 MP: 3/7
  1825 | D:2      | Reached skill level 1 in Polearms
  2073 | D:2      | Reached XP level 4. HP: 24/24 MP: 4/8
  2190 | D:2      | Learned a level 4 spell: Iskenderun's Mystic Blast
  2263 | D:2      | Found a burning altar of Makhleb.
  2569 | D:3      | Gained mutation: You can fly. [Tengu growth]
  2569 | D:3      | Reached XP level 5. HP: 27/28 MP: 10/10
  2624 | D:3      | Reached skill level 7 in Conjurations
  2675 | D:3      | Noticed Paps's ghost (amateur DsFi)
  2698 | D:3      | Killed Paps's ghost
  2798 | D:3      | Noticed an ogre
  2803 | D:3      | Killed an ogre
  2803 | D:3      | Reached XP level 6. HP: 32/32 MP: 5/11
  3017 | D:3      | Reached skill level 8 in Conjurations
  3084 | D:3      | Found a shadowy altar of Dithmenos.
  3311 | D:3      | Noticed an ice beast
  3326 | D:3      | Killed an ice beast
  3326 | D:3      | Reached skill level 1 in Fighting
  3326 | D:3      | Reached XP level 7. HP: 20/38 MP: 2/12
  3512 | D:4      | Found an opulent altar of Gozag.
  3690 | D:4      | Found a staircase to the Ecumenical Temple.
  3708 | Temple   | Entered the Ecumenical Temple
  4127 | D:4      | Found Saomac's Distillery.
  4728 | D:5      | Entered Level 5 of the Dungeon
  4803 | D:5      | Found a shimmering altar of Xom.
  4813 | D:5      | Reached skill level 5 in Polearms
  4813 | D:5      | Reached skill level 9 in Conjurations
  5175 | D:5      | Noticed Dowan
  5178 | D:5      | Noticed Duvessa
  5228 | D:5      | Noticed Sigmund
  5231 | D:5      | Killed Sigmund
  5231 | D:5      | Reached XP level 8. HP: 34/44 MP: 0/13
  5457 | D:5      | Learned a level 5 spell: Iskenderun's Battlesphere
  5743 | D:5      | Reached skill level 10 in Conjurations
  5743 | D:5      | Reached skill level 1 in Charms
  5874 | D:5      | Killed Duvessa
  6618 | D:6      | Noticed a hippogriff
  6718 | D:6      | Found a hide-covered altar of Uskayaw.
  6721 | D:6      | Noticed a hand axe
  6722 | D:6      | Noticed a dagger
  6754 | D:6      | Found Qunwypp's Jewellery Shop.
  6876 | D:6      | Gained mutation: You can translocate small distances at will. [mutagenic meat]
  6877 | D:6      | Gained mutation: Potions and wands are less effective at restoring your health. [mutagenic meat]
  6878 | D:6      | Gained mutation: Your body sometimes deteriorates upon taking damage. [mutagenic meat]
  6879 | D:6      | Gained mutation: You are somewhat resistant to further mutation. [mutagenic meat]
  6949 | D:6      | Reached XP level 9. HP: 38/48 MP: 7/14
  7033 | D:6      | Reached skill level 11 in Conjurations
  8183 | D:6      | Found a basalt altar of Yredelemnul.
  8486 | D:7      | Reached skill level 12 in Conjurations
  8662 | D:7      | Lost mutation: Potions and wands are less effective at restoring your health. [potion of cure mutation]
  8662 | D:7      | Lost mutation: Your body sometimes deteriorates upon taking damage. [potion of cure mutation]
  8662 | D:7      | Lost mutation: You can translocate small distances at will. [potion of cure mutation]
  8662 | D:7      | Lost mutation: You are somewhat resistant to further mutation. [potion of cure mutation]
  8970 | D:7      | Reached XP level 10. HP: 44/53 MP: 2/15
  9102 | D:7      | Found a shattered altar of Ashenzari.
  9138 | D:7      | Became a worshipper of Ashenzari the Shackled
  9800 | D:8      | Found a sand-covered staircase.
  9816 | Ossuary  | Entered an ossuary
 10175 | Ossuary  | Reached skill level 10 in Polearms
 10269 | D:8      | Reached skill level 13 in Conjurations
 10592 | D:8      | Reached * piety under Ashenzari
 11541 | D:9      | Found a white marble altar of Elyvilon.
 11768 | D:9      | Reached skill level 5 in Dodging
 12241 | D:9      | Reached skill level 1 in Armour
 12694 | D:9      | Reached skill level 14 in Conjurations
 12729 | D:9      | Slain by an orc warrior

Skill      XL: |  1  2  3  4  5  6  7  8  9 10 |
---------------+-------------------------------+-----
Conjurations   | 6 7 8 9 10 12 14 | 14.0
Polearms       | 1 2 3 4 6 7 9 11 | 11.0
Spellcasting   | 3 |  3.1
Fighting       | 1 2 |  2.1
Charms         | 1 3 |  3.0
Dodging        | 3 5 |  5.0
Armour         | 2 |  2.1
Stealth        | |  2.0

Action                   |  1- 3 |  4- 6 |  7- 9 | 10-12 || total
-------------------------+-------+-------+-------+-------++-------
Melee: Dagger            |     6 |    65 |   145 |    48 ||   264
       Peck              |     1 |    10 |    26 |    26 ||    63
       Kick              |       |    11 |    30 |    55 ||    96
       Halberd           |       |       |       |   208 ||   208
 Cast: Magic Dart        |    74 |    20 |   143 |    51 ||   288
       Searing Ray       |     2 |     5 |    25 |    31 ||    63
       Iskenderun's Myst |       |     3 |    17 |    36 ||    56
Invok: Curse Item        |       |       |       |     4 ||     4
  Use: Potion            |       |     5 |     2 |     8 ||    15
       Scroll            |       |     4 |       |     9 ||    13
 Stab: Sleeping          |       |     2 |     4 |       ||     6
       Distracted        |       |       |       |     1 ||     1
  Eat: Chunk             |     4 |     5 |    24 |    18 ||    51
       Fruit             |       |       |     2 |     2 ||     4
       Royal jelly       |       |       |     1 |       ||     1
       Beef jerky        |       |       |       |     1 ||     1
Armor: Robe              |       |     5 |    21 |    30 ||    56
       Skin              |       |     6 |       |       ||     6
Dodge: Dodged            |     9 |    42 |   118 |   237 ||   406
